 Dungeon Crawl Stone Soup version 0.28.0-53-g5a82cb258f (webtiles) character file.

Game seed: 8544341228355313442

7768 issech the Carver (level 11, -7/85 HPs)
             Began as a Minotaur Monk on May 27, 2022.
             Was a Believer of Hepliaklqana.
             Mangled by a very large slime creature (43 damage)
             ... on level 9 of the Dungeon on May 28, 2022.
             The game lasted 00:35:59 (9574 turns).

issech the Carver (Minotaur Monk)                   Turns: 9574, Time: 00:35:59

Health: -7/85      AC: 19    Str: 19    XL:     11   Next: 1%
Magic:  10/10      EV:  8    Int:  7    God:    Hepliaklqana [**....]
Gold:   1439       SH:  6    Dex: 21    Spells: 10/10 levels left

rFire   . . .      SeeInvis +   s - +2 long sword of Qydin {distort, rCorr Str+3 Dex+4 SInv}
rCold   . . .      Faith    .   i - +0 buckler
rNeg    . . .      Spirit   .   t - +0 plate armour
rPois   +          Reflect  .   (helmet restricted)
rElec   .          Harm     .   g - +0 cloak
rCorr   +          Rampage  .   D - +0 pair of gloves
Will    .....                   W - +0 pair of boots
Stlth   ..........              p - amulet of magic regeneration
HPRegen 0.24/turn               f - ring of poison resistance
MPRegen 0.52/turn               j - ring of flight

@: flying
A: reduced essence, horns 2, retaliatory headbutt
a: Renounce Religion, Recall Ancestor, Ancestor Identity


You were on level 9 of the Dungeon.
You worshipped Hepliaklqana.
Hepliaklqana was pleased with you.
You visited 2 branches of the dungeon, and saw 10 of its levels.
You also visited: Bailey.

You collected 1439 gold pieces.

Inventory:

Hand Weapons
 s - the +2 long sword of Qydin (weapon) {distort, rCorr Str+3 Dex+4 SInv}
   (You found it on level 4 of the Dungeon)

   It warps and distorts space around it, and may blink, banish, or inflict
   extra damage upon those it strikes.
   Unwielding it can cause banishment or high damage.
   Str:       It affects your strength (+3).
   Dex:       It affects your dexterity (+4).
   SInv:      It lets you see invisible.
   rCorr:     It protects you from acid and corrosion.
 K - a +1 hand axe of flaming
Missiles
 c - 72 bolts
 e - 155 stones
 n - 54 arrows
 r - 7 javelins (quivered)
 C - 8 throwing nets
 I - 16 poisoned darts
 L - 37 sling bullets
 M - a curare-tipped dart
Armour
 g - a +0 cloak (worn)
 i - a +0 buckler (worn)
 t - a +0 plate armour (worn)
 D - a +0 pair of gloves (worn)
 S - the +2 ring mail of Tamicimp {Harm Fly rElec}
   (You found it on level 7 of the Dungeon)

   rElec:     It insulates you from electricity.
   Fly:       It grants you flight.
   Harm:      It increases damage dealt and taken.
 W - a +0 pair of boots (worn)
 Y - +1 fire dragon scales
Jewellery
 f - a ring of poison resistance (left hand)
 j - a ring of flight (right hand)
 p - an amulet of magic regeneration (around neck)
 E - a ring of see invisible
 Q - a ring of ice
 T - a +6 ring of intelligence
Wands
 m - a wand of flame (77)
 F - a wand of mindburst (3)
 R - a wand of acid (11)
Scrolls
 a - a scroll of brand weapon
 d - 2 scrolls of amnesia
 k - a scroll of noise
 l - 2 scrolls of fog
 q - 4 scrolls of fear
 u - 3 scrolls of enchant weapon
 v - a scroll of torment
 x - a scroll of holy word
 y - 2 scrolls of teleportation
 H - 2 scrolls of enchant armour
 V - 2 scrolls of identify
Potions
 w - 2 potions of resistance {unknown}
 z - 9 potions of curing {unknown}
 A - a potion of cancellation {unknown}
 B - a potion of degeneration {unknown}
 G - a potion of mutation {unknown}
 J - 3 potions of haste {unknown}
 N - a potion of attraction {unknown}
 O - 2 potions of flight {unknown}
 X - a potion of magic {unknown}


   Skills:
 + Level 8.6 Fighting
 + Level 11.5 Long Blades
 + Level 6.9 Axes
 + Level 2.1 Throwing
 + Level 11.1 Armour
 + Level 5.0 Dodging
 + Level 2.8 Stealth
 + Level 4.4 Shields


You had 10 spell levels left.
You didn't know any spells.
Your spell library was empty.

Dungeon Overview and Level Annotations

Branches:
Dungeon (9/15)             Temple (1/1) D:6            Lair (0/6) D:8
 Bailey (visited)
    Orc: D:9-12

Altars:
Ashenzari
Cheibriados
Dithmenos
Fedhas
Gozag
Hepliaklqana
Kikubaaqudgha
Makhleb
Nemelex Xobeh
Okawaru
Qazlal
Ru
Sif Muna
Trog
Uskayaw
Vehumet
Wu Jian
Xom
Yredelemnul
Zin
The Shining One

Shops:
D:1 (   D:5 =(


Innate Abilities, Weirdness & Mutations

Your life essence is reduced to manifest your ancestor. (-10% HP)
You have a pair of horns on your head.
You reflexively headbutt those who attack you in melee.


Message History

The very large slime creature hits Lucius!!!
Lucius is destroyed!
You barely miss the killer bee.
The killer bee is lightly wounded.
You feel very sick. The killer bee barely misses you.
The killer bee stings you but does no damage.
The killer bee barely misses you. The killer bee closely misses you.
You furiously retaliate!
You headbutt the killer bee!
The killer bee stings you but does no damage.
You block the killer bee's attack.
You slash the killer bee!
You kill the killer bee!
You feel very sick.
The killer bee stings you but does no damage. x2
You have reached level 11!
You hit the killer bee.
You kill the killer bee!
You feel very sick.
The killer bee stings you but does no damage.
The killer bee completely misses you.
You feel very sick. The killer bee barely misses you. You furiously retaliate!
You headbutt the killer bee!
You feel sick. The killer bee barely misses you. You furiously retaliate!
You headbutt the killer bee, but do no damage.
You closely miss the killer bee. You headbutt the killer bee.
You kill the killer bee!
You feel sick.
You feel sick.
You feel sick.
You feel sick.
You feel sick.
You feel sick.
You feel sick.
You feel sick.
You are no longer poisoned.
The very large slime creature hits you!!!
Ouch! That really hurt!
You die...

#.....^....##†..#[....#
#...............#[|||.#
#...............#)))...
#.........≈≈≈≈≈.#..)...
#.........≈.>.≈.#...÷.#
#.........≈.∩.≈)).)...#
#.........≈...≈.)####.#
##......J..≈≈≈≈≈..# #.#
#......@..........# #.#
#............###..##
#..
#.##....####.###...#
### ...
#.........##....# ####
##.#.####.##.#...#
#..... ####.#...#
#...... ..#...# #......
.#.#....# ......#....


You could see a very large slime creature.

Vanquished Creatures
  A slime creature (D:5)
  A troll (D:9)
  The ghost of pesado the Chopper, an amateur HOMo (D:4)
  A wyvern (D:9)
  8 yaks
  Eustachio (D:5)
  2 steam dragons
  An acid dragon (D:9)
  A water moccasin (D:7)
  An orc warrior (D:6)
  A black bear (D:5)
  An ogre (D:6)
  A wolf (Bailey)
  A phantom (D:5)
  2 kobold brigands (D:5)
  3 gnoll sergeants (Bailey)
  3 bullfrogs
  2 scorpions (D:5)
  A wyvern zombie (D:7)
  A water moccasin zombie (D:6)
  5 killer bees (D:9)
  An electric eel (D:9)
  7 jellies (D:5)
  2 centaur zombies
  3 hounds
  2 orc priests
  7 gnoll shamans
  3 iguanas (D:5)
  2 orc wizards
  A hound skeleton (D:3)
  11 adders
  15 gnolls
  A howler monkey skeleton (D:5)
  A white imp (D:6)
  A worm (D:5)
  2 dart slugs
  8 orcs
  5 endoplasms
  5 giant cockroaches
  6 goblins
  6 hobgoblins
  2 jackals (D:4)
  7 quokkas
  8 ball pythons
  5 bats
  A frilled lizard (D:1)
  16 kobolds
  6 rats
173 creatures vanquished.

Vanquished Creatures (collateral kills)
  6 yaks
  A black bear (D:7)
  2 wolves (Bailey)
  A centaur (D:8)
  A kobold brigand (D:8)
  4 gnoll sergeants (Bailey)
  A gnoll shaman (Bailey)
  10 gnolls
  An orc (D:8)
  4 goblins (D:9)
  A kobold (D:8)
32 creatures vanquished.

Vanquished Creatures (others)
  3 battlemagi
  8 fungi (D:5)
  A plant (D:1)
  8 toadstools (D:5)
20 creatures vanquished.

Grand Total: 225 creatures vanquished

Notes
Turn   | Place    | Note
-------+----------+-------------------------------------------
     0 | D:1      | issech the Minotaur Monk began the quest for the Orb.
     0 | D:1      | Reached XP level 1. HP: 19/19 MP: 0/0
   286 | D:1      | Reached XP level 2. HP: 24/27 MP: 1/1
   600 | D:1      | Noticed a great orb of eyes
   603 | D:1      | Found a faded altar of an unknown god.
   605 | D:1      | Noticed a golden eye
   606 | D:1      | Noticed a great orb of eyes
   606 | D:1      | Noticed a floating eye
   916 | D:1      | Found Xiarut's Antique Weapon Shoppe.
  1052 | D:2      | Reached XP level 3. HP: 33/33 MP: 2/2
  1272 | D:2      | Reached skill level 5 in Axes
  1272 | D:2      | Reached skill level 1 in Armour
  1272 | D:2      | Reached XP level 4. HP: 38/40 MP: 3/3
  2071 | D:3      | Reached XP level 5. HP: 46/46 MP: 4/4
  3116 | D:4      | Reached XP level 6. HP: 50/53 MP: 5/5
  3190 | D:4      | Identified the +2 long sword of Qydin {distort, rCorr Str+3
                  | Dex+4 SInv}
  3452 | D:4      | Found a runed translucent gate.
  3453 | D:4      | Found a runed translucent gate.
  3454 | D:4      | Found a runed translucent gate.
  3455 | D:4      | Noticed pesado's ghost (amateur HOMo)
  3486 | D:4      | Killed pesado's ghost
  3545 | D:5      | Entered Level 5 of the Dungeon
  3603 | D:5      | Reached skill level 1 in Long Blades
  3603 | D:5      | Reached XP level 7. HP: 38/60 MP: 6/6
  3610 | D:5      | Reached skill level 1 in Throwing
  3748 | D:5      | Noticed Eustachio
  3753 | D:5      | Killed Eustachio
  3884 | D:5      | Reached skill level 5 in Fighting
  3937 | D:5      | Found Joant's Jewellery Emporium.
  4030 | D:5      | Reached skill level 5 in Armour
  4046 | D:5      | Found Penolet's Weapon Emporium.
  4157 | D:5      | Reached XP level 8. HP: 68/68 MP: 7/7
  4196 | D:5      | Noticed a slime creature
  4196 | D:5      | Noticed a slime creature
  4254 | D:5      | Killed a large slime creature
  4255 | D:5      | Reached skill level 5 in Long Blades
  4841 | D:5      | Reached XP level 9. HP: 44/77 MP: 8/8
  5368 | D:6      | Found a staircase to the Ecumenical Temple.
  5543 | Temple   | Entered the Ecumenical Temple
  6079 | Temple   | Became a worshipper of Hepliaklqana the Forgotten
  6079 | Temple   | Reached * piety under Hepliaklqana
  6079 | Temple   | Reached ** piety under Hepliaklqana
  6080 | Temple   | Remembered your ancestor Lucius as a battlemage
  6268 | D:7      | Reached skill level 1 in Shields
  6579 | D:7      | Identified the +2 ring mail of Tamicimp {Harm Fly rElec}
  6981 | D:8      | Found a staircase to the Lair.
  7173 | D:8      | Reached XP level 10. HP: 58/79 MP: 9/9
  7721 | D:9      | Found a flagged portal.
  7815 | Bailey   | Entered a bailey
  7880 | Bailey   | Reached skill level 10 in Armour
  7920 | Bailey   | Reached skill level 10 in Long Blades
  8610 | Bailey   | Reached skill level 5 in Dodging
  9564 | D:9      | Reached XP level 11. HP: 52/85 MP: 10/10
  9574 | D:9      | Mangled by a very large slime creature

Illustrated notes

Levels and vault maps discovered:
D:1:      minmay_arrival_glassed_features, layout_loops_cross,
          hellmonk_ecumenical_altar_watching_god, serial_shops, shop_statue,
          serial_bayou_pond_d, minmay_bisected
D:2:      layout_rooms, minmay_snake_closets
D:3:      layout_loops_corners
D:4:      layout_cave_pools, ebering_ghost_rock_garden
D:5:      cheibrodos_fertilizer, layout_loops_ring, serial_shops,
          nicolae_shop_crystal, minmay_shop_enchanted_jewellery, uniq_eustachio
D:6:      layout_rooms, temple_doors_e
D:7:      layout_loops_cross
D:8:      layout_gridville
D:9:      layout_basic, enter_bailey_5, fountainhead, grunt_decor_arrowhead
Temple:   regret_index_temple_sigil_plot

Skill      XL: |  1  2  3  4  5  6  7  8  9 10 |
---------------+-------------------------------+-----
Axes           | 4 5 6 |  6.9
Fighting       | 4 5 6 7 8 |  8.6
Armour         | 1 2 4 5 7 9 11 | 11.1
Dodging        | 4 5 |  5.0
Stealth        | 2 |  2.8
Long Blades    | 1 3 6 9 11 | 11.5
Throwing       | 1 2 |  2.1
Shields        | 2 4 |  4.4

Action                   |  1- 3 |  4- 6 |  7- 9 | 10-12 || total
-------------------------+-------+-------+-------+-------++-------
Melee: Hand axe          |    90 |    96 |       |       ||   186
       Headbutt          |    17 |    12 |    22 |    31 ||    82
       Punch             |     1 |       |     4 |       ||     5
       Long sword        |       |    12 |   146 |   109 ||   267
Throw: Javelin           |       |     6 |     5 |     6 ||    17
Invok: Ancestor Life: Ba |       |       |     1 |       ||     1
  Use: Scroll            |       |       |     6 |     4 ||    10
 Stab: Sleeping          |     1 |     1 |       |       ||     2
       Distracted        |       |       |       |     3 ||     3
Armor: Robe              |     2 |       |       |       ||     2
       Ring mail         |    21 |    37 |       |       ||    58
       Chain mail        |       |    19 |       |       ||    19
       Plate armour      |       |     3 |   101 |   100 ||   204
Dodge: Dodged            |    69 |    77 |    58 |    84 ||   288
Block: Buckler           |       |       |    24 |    58 ||    82
